 Dungeon Crawl Stone Soup version 0.26.1-11-gd32895ea62 (webtiles) character file.

Game seed: 12679839138862465520

12494 Fusha the Slicer (level 12, 0/89 HPs)
             Began as a Human Brigand on June 7, 2021.
             Was a Priest of Dithmenos.
             Slain by a guardian serpent (9 damage)
             ... on level 2 of the Lair of Beasts.
             The game lasted 00:57:46 (12273 turns).

Fusha the Slicer (Human Brigand)                   Turns: 12273, Time: 00:57:47

Health: 0/89       AC: 22    Str: 11    XL:     12   Next: 20%
Magic:  12/12      EV: 11    Int: 12    God:    Dithmenos [***...]
Gold:   662        SH: 11    Dex: 20    Spells: 11/11 levels left

rFire    . . .     SeeInvis .   w - +8 scimitar (freeze)
rCold    + . .     Faith    .   p - +0 kite shield
rNeg     . . .     Spirit   .   F - +3 scale mail {rC+}
rPois    .         Reflect  .   m - +2 helmet
rElec    .         Harm     .   A - +2 cloak
rCorr    .         Rampage  .   v - +2 pair of gloves
Will     .....                  t - +1 pair of boots
Stlth    +++.......             k - amulet of regeneration
HPRegen  0.64/turn              (no ring)
MPRegen  0.13/turn              (no ring)

@: lethally poisoned (0 -> -7), slowed, wreathed by umbra, very slow
A: no striking features
a: Renounce Religion, Shadow Step


You were on level 2 of the Lair of Beasts.
You worshipped Dithmenos.
Dithmenos was most pleased with you.
You visited 3 branches of the dungeon, and saw 12 of its levels.

You collected 837 gold pieces.
You spent 175 gold pieces at shops.

Inventory:

Hand Weapons
 a - the +3 dagger of the Equinox {holy, rF+}
   (You found it on level 5 of the Dungeon)

   It has been blessed by the Shining One to cause great damage to the undead
   and demons.
   It protects you from fire.
 b - a +2 short sword of venom
 w - a +8 scimitar of freezing (weapon)
Missiles
 d - 46 poisoned darts (quivered)
 e - 2 curare-tipped darts {!Q}
 z - 16 boomerangs
Armour
 c - a +0 cloak
 j - a +0 hat
 m - a +2 helmet (worn)
 p - a +0 kite shield (worn)
 s - a +3 ring mail
 t - a +1 pair of boots (worn)
 v - a +2 pair of gloves (worn)
 A - a +2 cloak (worn)
 D - a +0 chain mail
 F - a +3 scale mail of cold resistance (worn)
 I - a +2 scale mail of fire resistance
 T - a +2 scale mail of willpower
Jewellery
 k - an amulet of regeneration (around neck)
 o - an uncursed ring of stealth
 x - an uncursed ring of ice
Wands
 q - a wand of flame (31)
 B - a wand of digging (4)
 E - a wand of enslavement (5)
 J - a wand of paralysis (12)
 M - a wand of random effects (18)
 Q - a wand of polymorph (5)
 R - a wand of acid (3)
Scrolls
 h - 7 scrolls of remove curse
 i - 5 scrolls of teleportation
 n - 2 scrolls of fog
 u - 2 scrolls of amnesia {unknown}
 y - 2 scrolls of blinking
 G - 4 scrolls of magic mapping {unknown}
 K - a scroll of noise {unknown}
 O - 2 scrolls of identify
 P - a scroll of fear {unknown}
 S - 3 scrolls of immolation {unknown}
Potions
 f - 3 potions of mutation {unknown}
 g - 5 potions of flight {unknown}
 l - 3 potions of heal wounds
 r - 3 potions of cancellation
 C - 2 potions of invisibility
 H - 2 potions of brilliance {unknown}
 L - a potion of curing
 N - a potion of might


   Skills:
 + Level 6.8 Fighting
 + Level 9.3 Short Blades
 + Level 0.1(5.7) Long Blades
 + Level 7.4 Throwing
 - Level 4.7 Armour
 + Level 6.4 Dodging
 + Level 7.1 Stealth
 + Level 8.7 Shields
 + Level 2.5 Evocations


You had 11 spell levels left.
You didn't know any spells.
Your spell library contained the following spells:

 Spells                   Type           Power        Failure   Level
 Magic Dart               Conj           0%           98%         1
 Searing Ray              Conj           0%           99%         2
 Call Canine Familiar     Summ           0%           100%        3
 Dazzling Flash           Conj/Hex       0%           100%        3
 Ignite Poison            Fire/Tmut/Pois 0%           100%        3
 Fulminant Prism          Conj/Hex       0%           100%        4
 Ice Form                 Ice/Tmut       0%           100%        4
 Iskenderun's Mystic Bla  Conj/Tloc      0%           100%        4
 Summon Lightning Spire   Summ/Air       0%           100%        4
 Metabolic Englaciation   Hex/Ice        0%           100%        5
 Eringya's Noxious Bog    Tmut/Pois      0%           100%        6
 Freezing Cloud           Conj/Ice/Air   0%           100%        6
 Ozocubu's Refrigeration  Ice            0%           100%        6
 Simulacrum               Ice/Necr       0%           100%        6


Dungeon Overview and Level Annotations

Branches:
Dungeon (9/15)             Temple (1/1) D:7            Lair (2/6) D:9
  Snake (0/4) Lair:2          Orc (0/2) D:9
  Swamp: Lair:2-4    Shoals: Lair:2-4

Altars:
Cheibriados
Dithmenos
Elyvilon
Gozag
Makhleb
Nemelex Xobeh
Ru
Trog
Vehumet
Wu Jian
Xom

Shops:
D:4 }?:

Annotations:
D:6 5 runed translucent doors, 1 exclusion
Lair:1 3 runed translucent doors, exclusion: 3 doors, Fusha's ghost, journeyman HuBr


Message History

Aiming: Corrosive Bolt
Press: ? - help, Shift-Dir - straight line, f/p - guardian serpent
Aim: a guardian serpent (almost dead, umbra, 43% to evade)
The bolt of acid misses the guardian serpent.
You feel sick.
The guardian serpent casts a spell at you.
The bolt of poison hits you.
You are more poisoned.
* * * LOW HITPOINT WARNING * * *
The guardian serpent coils itself and waves its upper body at you.
You feel as though you will be slow longer.
You block the guardian serpent's attack.
Aiming: Corrosive Bolt
Press: ? - help, Shift-Dir - straight line, f/p - guardian serpent
Aim: a guardian serpent (almost dead, umbra, 43% to evade)
The bolt of acid misses the guardian serpent.
You feel sick. The guardian serpent hits you!
* * * LOW HITPOINT WARNING * * *
The guardian serpent hits you!
You die...

..##
####.....P...≈..##########
### ####....≈≈≈≈≈.######
## ## ##..≈≈≈≈≈≈≈.#..P###.
.# #...≈≈≈≈≈≈.......#.
.#### #..<≈≈≈≈≈≈........#
....#
#####...≈≈≈≈≈≈........P
...##
##..##...≈≈≈≈≈..........
...#
#.P..#..≈≈≈≈≈≈..........
...##
##...##.@≈≈≈≈≈≈..........
....#
#...)..#S..≈≈............
....##
#........................
.....#
#........P.#.............
....##
##........#...............
.....#
#..........#.......#......
.>.###
##...............(........
...#
##........##.....###P#....
...# #P...........#####
###....


You could see a guardian serpent.

Vanquished Creatures
  2 hydras (Lair:2)
  Harold (D:8)
  A two-headed ogre (D:5)
  Urug (Lair:2)
  2 black mambas (Lair:1)
  5 cane toads (Lair:2)
  2 komodo dragons
  A troll (D:9)
  3 blink frogs (Lair:2)
  A wyvern (Lair:1)
  A yak (D:9)
  2 basilisks (Lair:2)
  6 orc warriors
  6 water moccasins
  A sky beast (D:5)
  3 ice beasts (D:7)
  A phantom (D:9)
  A necrophage (D:6)
  9 black bears
  An ogre (D:7)
  4 centaurs
  A big kobold (D:8)
  9 bullfrogs
  A water moccasin zombie (D:8)
  3 scorpions
  A howler monkey (D:8)
  A crimson imp (D:5)
  A bullfrog zombie (D:6)
  A quasit (D:6)
  2 orc priests
  2 jellies
  12 orc wizards
  2 centaur skeletons
  7 hounds
  3 iguanas (D:8)
  6 worker ants
  2 killer bee zombies
  A hound skeleton (D:6)
  8 gnolls
  2 howler monkey skeletons
  10 adders
  2 shadow imps (D:8)
  An ufetubus (D:8)
  An ooze (D:3)
  3 adder skeletons (D:6)
  An adder zombie (D:7)
  5 worms
  3 dart slugs
  9 leopard geckos
  45 orcs
  10 bats
  6 giant cockroaches
  4 goblins
  6 hobgoblins
  13 jackals
  4 quokkas
  A ball python (D:2)
  11 frilled lizards
  11 kobolds
  A leopard gecko skeleton (D:5)
  10 rats
276 creatures vanquished.

Vanquished Creatures (others)
  21 fungi
  19 plants
  5 toadstools (D:1)
45 creatures vanquished.

Grand Total: 321 creatures vanquished

Notes
Turn   | Place    | Note
-------+----------+-------------------------------------------
     0 | D:1      | Fusha the Human Brigand began the quest for the Orb.
     0 | D:1      | Reached XP level 1. HP: 16/16 MP: 1/1
    50 | D:1      | Reached XP level 2. HP: 7/22 MP: 2/2
   789 | D:1      | Reached XP level 3. HP: 27/27 MP: 3/3
  1320 | D:2      | Reached XP level 4. HP: 33/33 MP: 4/4
  1349 | D:2      | Reached skill level 5 in Stealth
  1537 | D:2      | Found a faded altar of an unknown god.
  1724 | D:2      | Reached XP level 5. HP: 22/39 MP: 5/5
  1806 | D:2      | Reached skill level 3 in Short Blades
  2176 | D:3      | Reached skill level 1 in Armour
  2292 | D:3      | Reached XP level 6. HP: 43/46 MP: 6/6
  2631 | D:3      | Reached skill level 1 in Shields
  2994 | D:4      | Found Qufiunov's Gadget Boutique.
  3081 | D:4      | Found Vonnac's Magic Scroll Boutique.
  3084 | D:4      | Bought 2 scrolls of identify for 52 gold pieces
  3084 | D:4      | Bought a scroll of blinking for 97 gold pieces
  3084 | D:4      | Bought a scroll of identify for 26 gold pieces
  3103 | D:4      | Reached XP level 7. HP: 51/51 MP: 7/7
  3328 | D:4      | Found Ixkegh's Book Shoppe.
  3385 | D:5      | Entered Level 5 of the Dungeon
  3611 | D:5      | Reached skill level 4 in Short Blades
  3993 | D:5      | Found a burning altar of Makhleb.
  4170 | D:5      | Noticed a two-headed ogre
  4194 | D:5      | Killed a two-headed ogre
  4195 | D:5      | Reached skill level 5 in Short Blades
  4195 | D:5      | Reached skill level 1 in Evocations
  4195 | D:5      | Reached XP level 8. HP: 49/58 MP: 8/8
  4320 | D:5      | Got a bloodstained dagger
  4321 | D:5      | Identified the cursed +3 dagger of the Equinox {holy, rF+}
                  | (You found it on level 5 of the Dungeon)
  4666 | D:5      | Reached XP level 9. HP: 28/65 MP: 9/9
  5062 | D:6      | Found a runed translucent gate.
  5063 | D:6      | Found a runed translucent door.
  5063 | D:6      | Found a runed translucent gate.
  5071 | D:6      | Found a runed translucent gate.
  5073 | D:6      | Found a runed translucent door.
  5090 | D:6      | Found the +9 staff of Olgreb {rPois∞}
  5183 | D:6      | Reached skill level 6 in Short Blades
  6066 | D:7      | Reached skill level 5 in Shields
  6470 | D:7      | Reached XP level 10. HP: 73/73 MP: 10/10
  6535 | D:7      | Found a staircase to the Ecumenical Temple.
  6543 | Temple   | Entered the Ecumenical Temple
  6641 | Temple   | Became a worshipper of Dithmenos the Shadowed
  6697 | D:7      | Found a sacrificial altar of Ru.
  6744 | D:8      | Reached skill level 5 in Throwing
  6886 | D:8      | Noticed Harold
  7092 | D:8      | Identified the Collected Works on Supportive Intoxication
  7263 | D:8      | Killed Harold
  7264 | D:8      | Reached skill level 5 in Fighting
  7264 | D:8      | Reached skill level 7 in Short Blades
  7410 | D:8      | Noticed a komodo dragon
  7414 | D:8      | Reached * piety under Dithmenos
  7458 | D:8      | Killed a komodo dragon
  7459 | D:8      | Reached skill level 5 in Dodging
  8228 | D:9      | Reached ** piety under Dithmenos
  8486 | D:9      | Found a staircase to the Lair.
  8505 | D:9      | Reached XP level 11. HP: 59/80 MP: 11/11
  8933 | D:9      | Found a staircase to the Orcish Mines.
  9159 | D:9      | Found a bloodstained altar of Trog.
  9415 | Lair:1   | Entered Level 1 of the Lair of Beasts
  9501 | Lair:1   | Reached skill level 8 in Short Blades
  9660 | Lair:1   | Noticed an elephant
  9661 | Lair:1   | Found a runed translucent gate.
  9662 | Lair:1   | Found a runed translucent gate.
  9662 | Lair:1   | Noticed Fusha's ghost (journeyman HuBr)
  9663 | Lair:1   | Found a runed translucent gate.
  9665 | Lair:1   | Noticed a four-headed hydra
  9953 | Lair:1   | Found an opulent altar of Gozag.
 10717 | Lair:2   | Reached *** piety under Dithmenos
 10990 | Lair:2   | Found a staircase to the Snake Pit.
 10991 | Lair:2   | Noticed Urug
 11130 | Lair:2   | Noticed a four-headed hydra
 11157 | Lair:2   | Killed a four-headed hydra
 11614 | Lair:2   | Noticed an eight-headed hydra
 11621 | Lair:2   | Killed an eight-headed hydra
 11622 | Lair:2   | Reached skill level 9 in Short Blades
 11622 | Lair:2   | Reached XP level 12. HP: 89/89 MP: 12/12
 12070 | Lair:2   | Killed Urug
 12273 | Lair:2   | Slain by a guardian serpent

Illustrated notes

Levels and vault maps discovered:
D:1:      ldierk_walled_garden, layout_loops_corners, minmay_misc_feat_square,
          chequers_serial_rivers_small_3, minmay_misc_feat_roman
D:2:      layout_rooms, chequers_ecumenical_altar_simple_redux,
          lemuel_another_geyser
D:3:      layout_rooms, due_unseen_surprise
D:4:      layout_rooms, serial_shops, nicolae_shop_window_shopping,
          kennysheep_mini_moat, kennysheep_mini, kennysheep_generic_room_12
D:5:      layout_basic, makhleb_grotto_becter
D:6:      layout_rooms, minmay_guarded_unrand_staff_of_olgreb
D:7:      minmay_octagon_keep, layout_cave_pools, minmay_temple_entry_statues,
          nicolae_ru_the_path_less_chosen
D:8:      layout_loops_ring, grunt_ministairs_9, minmay_lizard_king, uniq_harold
D:9:      layout_basic, grunt_lair_entry_orc_guard_hut, david_orc_2,
          trog_three_pillars_becter
Temple:   roderic_octagonal_lattice_temple
Lair:1:   layout_cave_pods, basic_altar, gammafunk_ghost_split,
          grunt_megastairs_3
Lair:2:   layout_cave_pods, minmay_snake_entry_spellcaster,
          beast_lair_carwin_11, infiniplex_staircase_pool, uniq_urug

Skill      XL: |  1  2  3  4  5  6  7  8  9 10 11 |
---------------+----------------------------------+-----
Stealth        | 5 6 7 |  7.1
Short Blades   | 3 5 6 7 9 |  9.3
Armour         | 1 2 3 4 |  4.7
Dodging        | 2 3 4 5 6 |  6.4
Shields        | 1 3 5 7 8 |  8.7
Throwing       | 4 6 7 |  7.4
Fighting       | 3 4 5 6 |  6.8
Evocations     | 1 2 |  2.5
Long Blades    | |  0.1

Action                   |  1- 3 |  4- 6 |  7- 9 | 10-12 || total
-------------------------+-------+-------+-------+-------++-------
Melee: Dagger            |   148 |   318 |   396 |   468 ||  1330
       Short sword       |       |       |       |   333 ||   333
       Scimitar          |       |       |       |    20 ||    20
Throw: Dart              |     8 |    37 |    38 |    74 ||   157
       Boomerang         |       |       |    13 |    30 ||    43
Evoke: Wand              |       |     7 |     4 |    27 ||    38
  Use: Scroll            |       |     4 |    10 |     2 ||    16
       Potion            |       |       |     3 |     3 ||     6
 Stab: Sleeping          |     6 |     5 |     8 |     7 ||    26
       Distracted        |       |       |       |     2 ||     2
Armor: Robe              |    49 |     6 |       |       ||    55
       Ring mail         |       |    83 |   172 |       ||   255
       Scale mail        |       |       |       |   255 ||   255
Dodge: Dodged            |   124 |   105 |   120 |   205 ||   554
Block: Kite shield       |       |    73 |   159 |   324 ||   556
